 Dungeon Crawl Stone Soup version 0.31-a0-165-g3f4f80340b (webtiles) character file.

Game seed: 8694137098318866700

75343 qw the Marksgargoyle (level 15, -9/98 HPs)
             Began as a Gargoyle Hunter on June 13, 2023.
             Was a High Priest of Okawaru.
             Killed by divine providence
             ... invoked by a meliai
              (10 damage)
             ... on level 13 of the Dungeon.
             The game lasted 00:06:07 (14241 turns).

qw the Marksgargoyle (Gargoyle Hunter)             Turns: 14241, Time: 00:06:08

Health: -9/98      AC: 21    Str: 17    XL:     15   Next: 49%
Magic:  20/20      EV: 31    Int:  9    God:    Okawaru [*****.]
Gold:   1185       SH:  0    Dex: 33    Spells: 14/14 levels left

rFire   . . .        j - +3 triple crossbow (heavy)
rCold   . . .        (shield currently unavailable)
rNeg    + . .        d - +2 robe of Depression {Dex+3 Slay+2 SInv}
rPois   inf          u - +1 hat
rElec   +            o - +2 cloak
rCorr   +            n - +0 pair of gloves
SInv    +            (no boots)
Will    +....        (no amulet)
Stlth   ++++         s - ring "Ogyhy" {rCorr Dex+5 Slay+3}
HPRegen 0.36/turn    k - +6 ring of dexterity
MPRegen 0.17/turn

%: no passive effects
@: about to teleport, heroic, flying
A: sickness immunity, AC +11, big wings, negative energy resistance 1,
electricity resistance, torment resistance 1, petrification resistance, low MP
1, MP-powered wands, sturdy frame 1
a: Renounce Religion, Heroism, Finesse, Duel


You were on level 13 of the Dungeon.
You worshipped Okawaru.
Okawaru was extremely pleased with you.
You visited 3 branches of the dungeon, and saw 19 of its levels.

You collected 1185 gold pieces.


Innate Abilities, Weirdness & Mutations

You are immune to sickness and miasma.
Your stone body is resilient. (AC +11)
You are immune to poison.
Your large and strong wings let you fly.
You resist negative energy. (rN+)
You are resistant to electric shocks. (rElec)
You are resistant to unholy torment.
You are immune to petrification.
Your magical capacity is low. (-10% MP)
You expend magic power (3 MP) to strengthen your wands.
Your movements are slightly less encumbered by armour. (ER -2)


   Skills:
 - Level 13.0(18.0) Fighting
 + Level 19.7(24.7) Ranged Weapons
 - Level 3.0(8.0) Armour
 - Level 10.0(15.0) Dodging
 - Level 1.1(6.1) Stealth
 - Level 10.0 Invocations


You had 14 spell levels left.
You didn't know any spells.
Your spell library was empty.

Inventory:

Hand Weapons
 h - a +6 arbalest of flaming
 j - a +3 heavy triple crossbow (weapon)
Armour
 a - +0 acid dragon scales
 d - the +2 robe of Depression (worn) {Dex+3 Slay+2 SInv}
   (You found it on level 3 of the Dungeon)

   Dex:       It affects your dexterity (+3).
   Slay:      It affects your accuracy & damage with ranged weapons and melee
   (+2).
   SInv:      It lets you see invisible.
 m - a +2 robe of cold resistance
 n - a +0 pair of gloves (worn)
 o - a +2 cloak (worn)
 q - the +0 pair of boots of the Hart {-Tele rF+ Int+7 Stlth+}
   (You found it on level 4 of the Lair of Beasts)

   Int:       It affects your intelligence (+7).
   rF:        It protects you from fire.
   -Tele:     It prevents most forms of teleportation.
   Stlth:     It makes you more stealthy.
 u - a +1 hat (worn)
Jewellery
 k - a +6 ring of dexterity (right hand)
 s - the ring "Ogyhy" (left hand) {rCorr Dex+5 Slay+3}
   (You found it on level 5 of the Lair of Beasts)

   [ring of resist corrosion]

   Dex:       It affects your dexterity (+5).
   Slay:      It affects your accuracy & damage with ranged weapons and melee
   (+3).
   rCorr:     It protects you from acid and corrosion.
Scrolls
 f - 3 scrolls of teleportation
 i - 4 scrolls of identify
Potions
 b - 3 potions of curing
 c - 2 potions of attraction
 e - 5 potions of lignification
 g - 2 potions of mutation
 l - a potion of haste
 p - 2 potions of might
 r - a potion of resistance
 t - a potion of magic

Dungeon Overview and Level Annotations

Branches:
Dungeon (13/15)            Temple (1/1) D:4            Lair (5/5) D:9
  Swamp (0/4) Lair:2       Spider (0/4) Lair:3        Slime (0/5) Lair:5
    Orc (0/2) D:9
 Vaults: D:13-14

Altars:
Ashenzari
Cheibriados
Dithmenos
Elyvilon
Fedhas
Gozag
Hepliaklqana
Kikubaaqudgha
Makhleb
Nemelex Xobeh
Okawaru
Qazlal
Ru
Sif Muna
Trog
Uskayaw
Vehumet
Wu Jian
Xom
Yredelemnul
Zin
The Shining One
Jiyva
Lugonu

Shops:
D:12 :

Portals:
Abyss: Lair:5

Annotations:
D:9 2 transporters
D:10 exclusion: obsidian statue


Message History

The meliai stings you but does no damage.
The meliai misses you. x2; The meliai completely misses you. x2
The meliai hits you but does no damage. The meliai misses you.
The meliai completely misses you. The meliai misses you.
The meliai closely misses you.
The meliai stings you but does no damage.
The meliai calls down the wrath of its god upon you.
Something smites you! The meliai completely misses you. The meliai misses you.
The meliai completely misses you. x2; The meliai hits you but does no damage.
The meliai completely misses you.
The meliai mumbles some strange prayers to its god against you.
Something smites you!
You shoot a bolt. The bolt completely misses the meliai.
The meliai calls down the wrath of its god upon you.
Something smites you!
The meliai calls upon its god to heal the meliai.
The meliai is healed somewhat.
The meliai hits you with a +0 war axe. The meliai completely misses you.
The meliai hits you but does no damage. The meliai closely misses you.
The meliai completely misses you. The meliai barely misses you. x2
The meliai stings you but does no damage.
The meliai misses you. x2; The meliai closely misses you.
The meliai stings you! The meliai completely misses you. The meliai misses you.
14240 ||| READING 4 scrolls of teleportation.
As you read the scroll of teleportation, it crumbles to dust.
You feel strangely unstable. The meliai completely misses you.
The meliai misses you.
The meliai completely misses you. x2; The meliai hits you but does no damage.
The meliai misses you. The meliai completely misses you.
The meliai barely misses you. x2; The meliai completely misses you. x3
You shoot a bolt. The bolt hits the meliai.
The meliai is moderately wounded.
The meliai misses you. x2; The meliai completely misses you. x3
The meliai misses you. The meliai completely misses you. x3
The meliai misses you.
The meliai mumbles some strange prayers to its god against you.
Something smites you!
The meliai calls down the wrath of its god upon you.
Something smites you!
You die...

###..### ##########
#......## #........#
#.......#
####........#####.##...#
#_.....................#
####........#####.....###
#........# ##.......#
#############........#
#.....y@..##[...#
......yy...<[)#.#
..###............#
###########..# ..# .# .
.#


You could see 3 meliai.

Vanquished Creatures
  Kirke (Lair:3)
  Snorg (Lair:3)
  An entropy weaver (shapeshifter) (Lair:5)
  3 hydras
  Erica (D:8)
  2 centaur warriors
  2 boulder beetles
  3 two-headed ogres
  A catoblepas (Lair:1)
  10 death yaks
  2 thrashing horrors (Lair:5)
  A skeletal warrior (D:10)
  2 skysharks
  3 large abominations (Lair:5)
  Pikel (D:8)
  A bog body (Lair:2)
  An oklob plant (Lair:3)
  2 deep elf pyromancers
  3 cyclopes
  2 manticores
  3 ugly things
  2 centaur zombies (D:13)
  22 elephants
  A smoke demon (Lair:5)
  3 black mambas
  A gargoyle (D:12)
  11 cane toads
  Maggie (D:6)
  3 rime drakes
  An efreet (D:10)
  11 komodo dragons
  2 freezing wraiths (D:10)
  2 ancient zymes (Lair:5)
  9 trolls
  6 polar bears
  Grinder (D:6)
  3 hornets
  37 blink frogs
  Prince Ribbit (D:8)
  5 dream sheep (Lair:5)
  4 slime creatures (D:12)
  2 jumping spiders (Lair:3)
  2 shadows
  4 culicivoras (Lair:3)
  A spriggan (Lair:5)
  36 yaks
  A ynoxinul (Lair:5)
  6 wyverns
  A hog (Lair:3)
  6 humans (Lair:3)
  2 redbacks (Lair:3)
  13 basilisks
  3 chaos spawn (Lair:5)
  A steam dragon (D:10)
  16 water moccasins
  An acid dragon (D:10)
  8 small abominations (Lair:5)
  4 ice beasts
  A sky beast (D:8)
  A black bear (D:7)
  10 orc warriors
  2 ogres
  12 wolves
  12 centaurs
  3 kobold brigands
  9 bullfrogs
  2 scorpions
  21 wights
  11 killer bees
  2 howler monkeys (D:8)
  A vampire bat (D:3)
  An electric eel (Lair:4)
  6 jellies
  4 hounds
  8 orc priests
  7 iguanas
  A sleepcap (D:5)
  Jessica (D:3)
  7 hell rats (Lair:5)
  17 orc wizards
  8 adders
  2 shadow imps
  12 white imps (Lair:2)
  An ufetubus (D:4)
  A worm (D:2)
  A dart slug (D:2)
  3 fire bats (D:3)
  65 orcs
  2 spectral bats (D:3)
  3 bat skeletons (D:3)
  A bat zombie (D:3)
  6 endoplasms
  3 giant cockroaches (D:4)
  3 goblins
  9 hobgoblins
  2 jackals (D:3)
  3 quokkas
  10 ball pythons
  14 bats
  A bat simulacrum (D:3)
  4 frilled lizards
  14 kobolds
  7 rats
593 creatures vanquished.

Notes
Turn   | Place    | Note
-------+----------+-------------------------------------------
     0 | D:1      | qw the Gargoyle Hunter began the quest for the Orb.
     0 | D:1      | Reached XP level 1. HP: 12/12 MP: 1/1
     0 | D:1      | 0 ||| qw: Version: 0.2-a-29-gc1b59c4
     0 | D:1      | 0 ||| qw: Game counter: 4743
     0 | D:1      | 0 ||| qw: Always use a shield: true
     0 | D:1      | 0 ||| qw: God list: Okawaru
     0 | D:1      | 0 ||| qw: Allow faded altars: false
     0 | D:1      | 0 ||| qw: Do Orc after D:15 true
     0 | D:1      | 0 ||| qw: Do second Lair branch before Depths: true
     0 | D:1      | 0 ||| qw: Lair rune preference: random
     0 | D:1      | 0 ||| qw: Plans: Normal, Zot:1-4, Slime:5, God:TSO, Crypt,
                  | Tomb, Abyss, Pan, Hells, Win
     0 | D:1      | 0 ||| PLANNING D:1-11
    92 | D:1      | Reached XP level 2. HP: 17/17 MP: 2/2
   819 | D:1      | 819 ||| UPGRADING to +6 ring of dexterity.
   820 | D:1      | 820 ||| READING scroll labelled MEANEC DACO.
   821 | D:1      | 821 ||| READING scroll labelled YVUCVU CASAXEM.
   822 | D:1      | 822 ||| READING scroll labelled USISITT KUANU.
   826 | D:1      | 826 ||| DROPPING scroll of butterflies.
   877 | D:2      | Reached skill level 5 in Ranged Weapons
   877 | D:2      | Reached XP level 3. HP: 21/21 MP: 3/3
  1240 | D:2      | Reached skill level 3 in Fighting
  1328 | D:2      | Reached XP level 4. HP: 28/28 MP: 4/4
  1360 | D:2      | Found a bloodstained altar of Trog.
  1577 | D:2      | 1577 ||| READING scroll labelled YKOOXE VIOBRAB.
  1577 | D:2      | Identified a scroll of acquirement
  1577 | D:2      | 1577 ||| ACQUIRING +4 arbalest of flaming
  1577 | D:2      | Acquired a +4 arbalest of flaming
  1579 | D:2      | 1579 ||| SWAPPING to +4 arbalest of flaming.
  1580 | D:2      | 1580 ||| DROPPING +0 shortbow.
  1581 | D:2      | 1581 ||| READING scroll labelled KECEGAI EGUE.
  1582 | D:2      | 1582 ||| READING scroll labelled OMECZEO GOWNA.
  1583 | D:2      | 1583 ||| READING scroll labelled ALAUSCH WAZENEA.
  1602 | D:2      | 1602 ||| READING scroll labelled LOSAMNU XELA.
  1625 | D:3      | 1625 ||| PLANNING SEWER
  1686 | D:3      | Found a glowing drain.
  1711 | D:3      | Identified the +2 robe of Depression {Dex+3 Slay+2 SInv}
  1745 | D:3      | Noticed Jessica
  1746 | D:3      | Killed Jessica
  1920 | D:3      | Noticed an ogre
  1922 | D:3      | Killed an ogre
  1923 | D:3      | Reached skill level 6 in Ranged Weapons
  1923 | D:3      | Reached XP level 5. HP: 21/32 MP: 5/5
  2133 | D:3      | Reached XP level 6. HP: 37/37 MP: 6/6
  2188 | D:3      | 2188 ||| RIP SEWER
  2204 | D:3      | 2204 ||| PLANNING D:1-11
  2302 | D:3      | 2302 ||| UPGRADING to +2 robe of Depression {Dex+3 Slay+2
                  | SInv}.
  2312 | D:3      | 2312 ||| DROPPING +0 leather armour.
  2313 | D:3      | 2313 ||| READING scroll labelled XIMITU MAUROF.
  2314 | D:3      | 2314 ||| DRINKING 2 puce potions.
  2315 | D:3      | 2315 ||| DROPPING potion of brilliance.
  2507 | D:4      | Reached skill level 7 in Ranged Weapons
  2509 | D:4      | Reached XP level 7. HP: 43/43 MP: 7/7
  2552 | D:4      | Found a glowing silver altar of Zin.
  2689 | D:4      | Found a staircase to the Ecumenical Temple.
  2690 | D:4      | 2690 ||| PLANNING TEMPLE
  2690 | D:4      | 2690 ||| READING 2 scrolls labelled LAPURGH TICO XECS.
  2691 | D:4      | 2691 ||| DROPPING scroll of fear.
  2699 | D:4      | You fall into a shaft and drop 3 floors!
  2741 | D:7      | 2741 ||| READING 2 scrolls of identify.
  2741 | D:7      | 2741 ||| IDENTIFYING orange potion
  2742 | D:7      | 2742 ||| DROPPING potion of enlightenment.
  2764 | D:6      | Reached skill level 8 in Ranged Weapons
  2839 | D:6      | Noticed Maggie
  2844 | D:6      | Killed Maggie
  2845 | D:6      | Reached XP level 8. HP: 26/48 MP: 8/8
  3041 | D:6      | 3041 ||| STAIRDANCE
  3042 | D:5      | Entered Level 5 of the Dungeon
  3056 | D:5      | 3056 ||| FLEEEEING.
  3063 | D:5      | 3063 ||| STAIRDANCE
  3081 | Temple   | Entered the Ecumenical Temple
  3084 | Temple   | 3084 ||| PLANNING OKAWARU WORSHIP
  3343 | Temple   | Became a worshipper of Warmaster Okawaru
  3343 | Temple   | 3343 ||| PLANNING D:1-11
  3465 | D:4      | 3465 ||| UPGRADING to +5 ring of evasion.
  3498 | D:5      | 3498 ||| Stepping ~*~*~tactically~*~*~ (outnumbered).
  3533 | D:5      | Reached skill level 9 in Ranged Weapons
  3767 | D:5      | Reached skill level 6 in Fighting
  3809 | D:5      | Reached * piety under Okawaru
  4054 | D:5      | 4054 ||| READING 4 scrolls of identify.
  4054 | D:5      | 4054 ||| IDENTIFYING metallic puce potion
  4055 | D:5      | 4055 ||| READING 3 scrolls of identify.
  4055 | D:5      | 4055 ||| IDENTIFYING murky inky potion
  4056 | D:5      | 4056 ||| READING 2 scrolls of identify.
  4056 | D:5      | 4056 ||| IDENTIFYING cyan potion
  4057 | D:5      | 4057 ||| DROPPING potion of degeneration.
  4113 | D:6      | Reached skill level 1 in Invocations
  4113 | D:6      | Reached XP level 9. HP: 55/55 MP: 8/10
  4148 | D:6      | Noticed Grinder
  4149 | D:6      | 4149 ||| INVOKING Heroism.
  4150 | D:6      | Killed Grinder
  4151 | D:6      | Reached skill level 3 in Invocations
  4782 | D:6      | 4782 ||| READING scroll labelled HON ONAXOACAU.
  4783 | D:6      | 4783 ||| READING 2 scrolls labelled ECEPTE ITECVU.
  4784 | D:6      | 4784 ||| DROPPING scroll of revelation.
  4853 | D:7      | 4853 ||| INVOKING Heroism.
  4882 | D:7      | 4882 ||| INVOKING Heroism.
  4885 | D:7      | Reached skill level 10 in Ranged Weapons
  4897 | D:7      | Reached ** piety under Okawaru
  5261 | D:7      | 5261 ||| UPGRADING to +0 cloak.
  5266 | D:7      | 5266 ||| DROPPING +6 ring of strength.
  5267 | D:7      | 5267 ||| DROPPING +6 ring of intelligence.
  5268 | D:7      | 5268 ||| READING scroll labelled MEDEIP GECH.
  5269 | D:7      | 5269 ||| DRINKING 2 white potions.
  5269 | D:7      | Gained mutation: Your movements are slightly less
                  | encumbered by armour. (ER -2) [potion of mutation]
  5269 | D:7      | Gained mutation: Your magical capacity is low. (-10% MP)
                  | [potion of mutation]
  5269 | D:7      | Gained mutation: You expend magic power (3 MP) to
                  | strengthen your wands. [potion of mutation]
  5270 | D:7      | 5270 ||| READING 2 scrolls of identify.
  5270 | D:7      | 5270 ||| IDENTIFYING golden potion
  5279 | D:8      | Noticed a hornet
  5282 | D:8      | 5282 ||| STAIRDANCE
  5284 | D:7      | Killed a hornet
  5348 | D:8      | Noticed Pikel
  5349 | D:8      | Reached skill level 11 in Ranged Weapons
  5349 | D:8      | Reached XP level 10. HP: 63/63 MP: 11/11
  5353 | D:8      | Killed Pikel
  5355 | D:8      | Noticed a two-headed ogre
  5356 | D:8      | 5356 ||| INVOKING Heroism.
  5369 | D:8      | Killed a two-headed ogre
  5369 | D:8      | Reached *** piety under Okawaru
  5502 | D:8      | 5502 ||| INVOKING Heroism.
  5527 | D:8      | 5527 ||| INVOKING Heroism.
  5644 | D:8      | Noticed Prince Ribbit
  5646 | D:8      | Killed Prince Ribbit
  5719 | D:8      | Noticed Erica
  5720 | D:8      | 5720 ||| INVOKING Heroism.
  5722 | D:8      | Killed Erica
  5723 | D:8      | Reached skill level 12 in Ranged Weapons
  5992 | D:8      | 5992 ||| READING 2 scrolls of identify.
  5992 | D:8      | 5992 ||| IDENTIFYING brown potion
  5993 | D:8      | 5993 ||| DROPPING potion of ambrosia.
  6008 | D:9      | 6008 ||| INVOKING Heroism.
  6103 | D:9      | 6103 ||| INVOKING Heroism.
  6106 | D:9      | Reached XP level 11. HP: 69/69 MP: 9/12
  6145 | D:9      | Noticed a manticore
  6146 | D:9      | 6146 ||| INVOKING Heroism.
  6150 | D:9      | Killed a manticore
  6151 | D:9      | Reached skill level 13 in Ranged Weapons
  6176 | D:9      | 6176 ||| INVOKING Heroism.
  6189 | D:9      | Reached skill level 9 in Fighting
  6218 | D:9      | Found a transporter.
  6228 | D:9      | Found a staircase to the Orcish Mines.
  6274 | D:9      | 6274 ||| INVOKING Heroism.
  6288 | D:9      | Reached skill level 6 in Dodging
  6334 | D:9      | 6334 ||| INVOKING Heroism.
  6396 | D:9      | Reached **** piety under Okawaru
  6407 | D:9      | Found a staircase to the Lair.
  6442 | D:9      | Noticed a boulder beetle
  6443 | D:9      | Found a transporter.
  6675 | D:9      | 6675 ||| PLANNING LAIR
  6675 | D:9      | 6675 ||| READING 3 scrolls of identify.
  6675 | D:9      | 6675 ||| IDENTIFYING murky orange potion
  6676 | D:9      | 6676 ||| READING 2 scrolls of identify.
  6676 | D:9      | 6676 ||| IDENTIFYING fuming emerald potion
  6709 | Lair:1   | Entered Level 1 of the Lair of Beasts
  6719 | Lair:1   | 6719 ||| INVOKING Heroism.
  6844 | Lair:1   | 6844 ||| Stepping ~*~*~tactically~*~*~ (outnumbered).
  6852 | Lair:1   | Reached skill level 14 in Ranged Weapons
  6891 | Lair:1   | 6891 ||| INVOKING Heroism.
  6996 | Lair:1   | Noticed a catoblepas
  6997 | Lair:1   | 6997 ||| INVOKING Heroism.
  7003 | Lair:1   | Killed a catoblepas
  7003 | Lair:1   | Reached ***** piety under Okawaru
  7004 | Lair:1   | Reached skill level 6 in Invocations
  7012 | Lair:1   | Received a gift from Okawaru
  7183 | Lair:1   | 7183 ||| INVOKING Heroism.
  7185 | Lair:1   | Reached XP level 12. HP: 77/77 MP: 12/15
  7259 | Lair:1   | 7259 ||| READING scroll of enchant armour.
  7259 | Lair:1   | 7259 ||| ENCHANTING +0 cloak.
  7452 | Lair:1   | 7452 ||| DROPPING +4 ring of protection.
  7453 | Lair:1   | 7453 ||| READING scroll labelled KOTUCA YNYU.
  7454 | Lair:1   | 7454 ||| READING scroll labelled TOSOIS TETYAQ.
  7455 | Lair:1   | 7455 ||| READING 2 scrolls of identify.
  7455 | Lair:1   | 7455 ||| IDENTIFYING coppery potion
  7456 | Lair:1   | 7456 ||| DROPPING potion of invisibility.
  7475 | Lair:2   | 7475 ||| INVOKING Heroism.
  7582 | Lair:2   | Found a staircase to the Swamp.
  7705 | Lair:2   | 7705 ||| INVOKING Heroism.
  7722 | Lair:2   | 7722 ||| Stepping ~*~*~tactically~*~*~ (outnumbered).
  7724 | Lair:2   | 7724 ||| Stepping ~*~*~tactically~*~*~ (outnumbered).
  7744 | Lair:2   | 7744 ||| Stepping ~*~*~tactically~*~*~ (outnumbered).
  7746 | Lair:2   | 7746 ||| Stepping ~*~*~tactically~*~*~ (outnumbered).
  7748 | Lair:2   | 7748 ||| Stepping ~*~*~tactically~*~*~ (outnumbered).
  7753 | Lair:2   | Found a frozen archway.
  7754 | Lair:2   | 7754 ||| Stepping ~*~*~tactically~*~*~ (outnumbered).
  7755 | Lair:2   | 7755 ||| Stepping ~*~*~tactically~*~*~ (outnumbered).
  7757 | Lair:2   | 7757 ||| Stepping ~*~*~tactically~*~*~ (outnumbered).
  7758 | Lair:2   | 7758 ||| Stepping ~*~*~tactically~*~*~ (outnumbered).
  7769 | Lair:2   | 7769 ||| Stepping ~*~*~tactically~*~*~ (outnumbered).
  7872 | Lair:2   | 7872 ||| INVOKING Heroism.
  7905 | Lair:2   | Reached skill level 9 in Invocations
  7910 | Lair:2   | 7910 ||| INVOKING Heroism.
  7921 | Lair:2   | Reached skill level 15 in Ranged Weapons
  8177 | Lair:2   | Noticed a death yak
  8178 | Lair:2   | 8178 ||| INVOKING Heroism.
  8179 | Lair:2   | 8179 ||| INVOKING Finesse.
  8183 | Lair:2   | Killed a death yak
  8192 | Lair:2   | Noticed a death yak
  8195 | Lair:2   | Noticed a death yak
  8198 | Lair:2   | Killed a death yak
  8202 | Lair:2   | Killed a death yak
  8203 | Lair:2   | Noticed a death yak
  8204 | Lair:2   | 8204 ||| INVOKING Finesse.
  8207 | Lair:2   | Noticed a death yak
  8211 | Lair:2   | Killed a death yak
  8215 | Lair:2   | Killed a death yak
  8216 | Lair:2   | Reached XP level 13. HP: 82/82 MP: 8/18
  8358 | Lair:2   | 8358 ||| READING 2 scrolls of identify.
  8358 | Lair:2   | 8358 ||| IDENTIFYING fizzy golden potion
  8574 | Lair:3   | 8574 ||| INVOKING Heroism.
  8590 | Lair:3   | 8590 ||| INVOKING Finesse.
  8624 | Lair:3   | 8624 ||| INVOKING Heroism.
  8626 | Lair:3   | Reached skill level 16 in Ranged Weapons
  8682 | Lair:3   | Found a hole to the Spider Nest.
  8683 | Lair:3   | 8683 ||| Stepping ~*~*~tactically~*~*~ (outnumbered).
  8694 | Lair:3   | 8694 ||| INVOKING Heroism.
  8697 | Lair:3   | Received a gift from Okawaru
  8700 | Lair:3   | HP: 9/83 [culicivora (18)]
  8701 | Lair:3   | 8701 ||| READING 4 scrolls of teleportation.
  8701 | Lair:3   | HP: 1/83 [culicivora (9)]
  8702 | Lair:3   | 8702 ||| DRINKING potion of heal wounds.
  8705 | Lair:3   | 8705 ||| FLEEEEING.
  8727 | Lair:3   | 8727 ||| INVOKING Heroism.
  8806 | Lair:3   | 8806 ||| INVOKING Heroism.
  8979 | Lair:3   | Noticed Kirke
  8980 | Lair:3   | 8980 ||| INVOKING Heroism.
  8981 | Lair:3   | 8981 ||| INVOKING Finesse.
  8986 | Lair:3   | Killed Kirke
  9114 | Lair:3   | 9114 ||| INVOKING Heroism.
  9149 | Lair:3   | 9149 ||| READING scroll of enchant armour.
  9149 | Lair:3   | 9149 ||| ENCHANTING +1 cloak.
  9209 | Lair:3   | 9209 ||| READING scroll of enchant weapon.
  9209 | Lair:3   | 9209 ||| ENCHANTING +5 arbalest of flaming.
  9293 | Lair:3   | 9293 ||| SWAPPING to +2 heavy triple crossbow.
  9418 | Lair:3   | Noticed Snorg
  9419 | Lair:3   | 9419 ||| INVOKING Heroism.
  9420 | Lair:3   | 9420 ||| INVOKING Finesse.
  9421 | Lair:3   | Killed Snorg
  9482 | Lair:3   | 9482 ||| UPGRADING to +0 pair of gloves.
  9487 | Lair:3   | 9487 ||| READING 3 scrolls of identify.
  9487 | Lair:3   | 9487 ||| IDENTIFYING viscous grey potion
  9564 | Lair:4   | You fall into a shaft and drop 1 floor!
  9564 | Lair:5   | Entered Level 5 of the Lair of Beasts
  9565 | Lair:5   | 9565 ||| INVOKING Heroism.
  9568 | Lair:5   | Reached skill level 3 in Armour
  9569 | Lair:5   | Reached skill level 17 in Ranged Weapons
  9585 | Lair:5   | 9585 ||| FLEEEEING.
  9586 | Lair:5   | 9586 ||| FLEEEEING.
  9587 | Lair:5   | 9587 ||| FLEEEEING.
  9588 | Lair:5   | 9588 ||| STAIRDANCE
  9654 | Lair:4   | Identified the staff of air "Luigu" {Fly rElec MP+9 SInv}
  9664 | Lair:4   | 9664 ||| INVOKING Heroism.
  9836 | Lair:4   | 9836 ||| INVOKING Heroism.
 10067 | Lair:4   | 10067 ||| INVOKING Heroism.
 10080 | Lair:4   | Gained mutation: Your large and strong wings let you fly.
                  | [Gargoyle growth]
 10080 | Lair:4   | Reached XP level 14. HP: 90/90 MP: 19/19
 10091 | Lair:4   | Identified the +0 pair of boots of the Hart {-Tele rF+
                  | Int+7 Stlth+}
 10464 | Lair:5   | 10464 ||| INVOKING Heroism.
 10466 | Lair:5   | 10466 ||| SWAPPING to +6 arbalest of flaming.
 10469 | Lair:5   | 10469 ||| STAIRDANCE
 10473 | Lair:4   | 10473 ||| SWAPPING to +2 heavy triple crossbow.
 10624 | Lair:5   | 10624 ||| STAIRDANCE
 10690 | Lair:5   | Reached skill level 18 in Ranged Weapons
 10757 | Lair:5   | Found a staircase to the Slime Pits.
 10762 | Lair:5   | Found a viscous altar of Jiyva.
 10784 | Lair:5   | 10784 ||| INVOKING Heroism.
 10990 | Lair:5   | 10990 ||| INVOKING Heroism.
 10991 | Lair:5   | 10991 ||| INVOKING Finesse.
 11051 | Lair:5   | 11051 ||| INVOKING Heroism.
 11065 | Lair:5   | Reached skill level 12 in Fighting
 11067 | Lair:5   | 11067 ||| INVOKING Finesse.
 11205 | Lair:5   | 11205 ||| INVOKING Finesse.
 11242 | Lair:5   | 11242 ||| Stepping ~*~*~tactically~*~*~ (outnumbered).
 11245 | Lair:5   | Reached skill level 9 in Dodging
 11260 | Lair:5   | 11260 ||| Stepping ~*~*~tactically~*~*~ (outnumbered).
 11267 | Lair:5   | Identified the ring "Ogyhy" {rCorr Dex+5 Slay+3}
 11302 | Lair:5   | Identified the +5 long sword "Latus" {holy, rF+ rN+ Dex-5}
 11313 | Lair:5   | 11313 ||| INVOKING Heroism.
 11316 | Lair:5   | Received a gift from Okawaru
 11398 | Lair:5   | 11398 ||| READING scroll of enchant weapon.
 11398 | Lair:5   | 11398 ||| ENCHANTING +2 heavy triple crossbow.
 11410 | Lair:5   | Found a corrupted altar of Lugonu.
 11410 | Lair:5   | Found a one-way gate to the infinite horrors of the Abyss.
 11466 | Lair:5   | 11466 ||| Stepping ~*~*~tactically~*~*~ (outnumbered).
 11507 | Lair:5   | 11507 ||| INVOKING Heroism.
 11752 | Lair:5   | Reached skill level 19 in Ranged Weapons
 11811 | Lair:5   | 11811 ||| FLEEEEING.
 11818 | Lair:5   | 11818 ||| FLEEEEING.
 11819 | Lair:5   | 11819 ||| FLEEEEING.
 11820 | Lair:5   | 11820 ||| FLEEEEING.
 11821 | Lair:5   | 11821 ||| FLEEEEING.
 12041 | Lair:5   | 12041 ||| PLANNING D:1-11
 12041 | Lair:5   | 12041 ||| UPGRADING to ring "Ogyhy" {rCorr Dex+5 Slay+3}.
 12043 | Lair:5   | 12043 ||| UPGRADING to +6 ring of dexterity.
 12045 | Lair:5   | 12045 ||| DROPPING +5 ring of evasion.
 12199 | D:10     | Entered Level 10 of the Dungeon
 12228 | D:10     | 12228 ||| READING 5 scrolls of identify.
 12228 | D:10     | 12228 ||| IDENTIFYING dark potion
 12299 | D:10     | Reached XP level 15. HP: 97/97 MP: 20/20
 12305 | D:10     | 12305 ||| INVOKING Heroism.
 12307 | D:10     | 12307 ||| INVOKING Finesse.
 12317 | D:10     | 12317 ||| SWAPPING to +6 arbalest of flaming.
 12322 | D:10     | 12322 ||| SWAPPING to +3 heavy triple crossbow.
 12327 | D:10     | Received a gift from Okawaru
 12328 | D:10     | 12328 ||| Stepping ~*~*~tactically~*~*~ (outnumbered).
 12629 | D:10     | Identified the +3 short sword "Atiutzon" {heavy, Str+2}
 13085 | D:10     | 13085 ||| UPGRADING to +1 hat.
 13142 | D:11     | 13142 ||| Stepping ~*~*~tactically~*~*~ (outnumbered).
 13146 | D:11     | 13146 ||| Stepping ~*~*~tactically~*~*~ (outnumbered).
 13231 | D:11     | 13231 ||| FLEEEEING.
 13232 | D:11     | 13232 ||| FLEEEEING.
 13233 | D:11     | 13233 ||| FLEEEEING.
 13234 | D:11     | 13234 ||| FLEEEEING.
 13235 | D:11     | 13235 ||| FLEEEEING.
 13236 | D:11     | 13236 ||| FLEEEEING.
 13241 | D:11     | 13241 ||| FLEEEEING.
 13243 | D:11     | 13243 ||| FLEEEEING.
 13290 | D:11     | Identified the +0 scale mail of Untruth {MP+9}
 13607 | D:11     | 13607 ||| PLANNING D
 13607 | D:11     | 13607 ||| DROPPING ring of protection from cold.
 13624 | D:12     | 13624 ||| Stepping ~*~*~tactically~*~*~ (outnumbered).
 13701 | D:12     | Identified the +2 scale mail of Withruokuh {Str+3}
 13714 | D:12     | Found Ymayhix's Tremendous Tomes.
 14132 | D:12     | 14132 ||| READING 5 scrolls of identify.
 14132 | D:12     | 14132 ||| IDENTIFYING sapphire potion
 14133 | D:12     | 14133 ||| DROPPING potion of berserk rage.
 14219 | D:13     | Found a basalt altar of Yredelemnul.
 14234 | D:13     | 14234 ||| INVOKING Heroism.
 14239 | D:13     | HP: 23/98 [meliai/divine providence (10)]
 14239 | D:13     | HP: 10/98 [meliai/+0 war axe (7)]
 14240 | D:13     | 14240 ||| READING 4 scrolls of teleportation.
 14241 | D:13     | HP: 1/98 [meliai/divine providence (10)]
 14241 | D:13     | Killed from afar by a meliai

Levels and vault maps discovered:
D:1:      tarquinn_simple_flora_water_f, layout_basic, serial_bayou,
          serial_bayou_shore_b, serial_bayou_pond_c, serial_bayou_ford_a,
          serial_bayou_pond_d
D:2:      minmay_general_purpose_star, layout_loops_ring, basic_altar
D:3:      layout_basic, gup_sewer_entry_glass, goddamned_bats, uniq_jessica
D:4:      layout_loops_ring, mainiacjoe_overflow_catwalk, temple_fountains
D:5:      layout_loops_ring, minmay_bent
D:6:      layout_layer_cave, hex_large, minmay_misc_feat_encased, uniq_grinder,
          uniq_maggie
D:7:      layout_cave_pools
D:8:      layout_gridville, uniq_pikel, uniq_erica, uniq_prince_ribbit1
D:9:      gammafunk_boulding_lane, layout_basic, david_lair_generic,
          hiddenorc2_lemuel
D:10:     minmay_the_grid_triangle_9x9_rhombus_thin_mashed
          [minmay_the_grid_triangle_9x9_stretched_checkered,
          minmay_the_grid_triangle_9x9_prize_center,
          minmay_the_grid_triangle_9x9_flanged_cone,
          minmay_the_grid_triangle_9x9_dagger], layout_loops_cross,
          minmay_protected_statue
D:11:     layout_basic
D:12:     layout_gridville, nicolae_shop_i_like_big_books, grunt_ministairs_7
D:13:     nzn_winding_woodlands_stair_cross
          [nzn_winding_woodlands_5x15_sawtooth,
          nzn_winding_woodlands_center_garden,
          nzn_winding_woodlands_5x15_river_crossing,
          nzn_winding_woodlands_5x5_perimeter,
          nzn_winding_woodlands_5x5_default,
          nzn_winding_woodlands_5x15_sidewinder,
          nzn_winding_woodlands_center_diamonds,
          nzn_winding_woodlands_5x15_concentric], layout_cave_pools,
          lemuel_zombie_altar_yredelemnul
Temple:   nicolae_temple_the_god_donut
Lair:1:   layout_roguey, chequers_serial_rivers_small_a
Lair:2:   layout_hall_layers, skrybe_swamp_entry_bodies,
          portal_ice_cave_entry_imps, cheibrodos_lair_lostbears
Lair:3:   layout_concentric_octagons, nicolae_spider_entry_tight_spaces,
          uniq_kirke, uniq_snorg
Lair:4:   layout_regular_city, serial_bayou_shore_a
Lair:5:   hellmonk_lair_end_abyssal_woods, layout_regular_city,
          nicolae_slime_entry_field_trip

Skill      XL: |  1  2  3  4  5  6  7  8  9 10 11 12 13 14 15 |
---------------+----------------------------------------------+-----
Ranged Weapons | 5 6 7 8 9 11 12 14 15 17 19 | 19.7
Fighting       | 3 4 6 7 8 10 11 12 13 | 13.0
Dodging        | 2 4 5 6 7 8 9 10 | 10.0
Invocations    | 1 4 7 10 | 10.0
Armour         | 2 3 |  3.0
Stealth        | |  1.1

Action                     |  1- 3 |  4- 6 |  7- 9 | 10-12 | 13-15 || total
---------------------------+-------+-------+-------+-------+-------++-------
   Fire: Shortbow          |    91 |     2 |       |       |       ||    93
         Arbalest          |       |    76 |   131 |   380 |   135 ||   722
         Triple crossbow   |       |       |       |       |   389 ||   389
 Invoke: Heroism           |       |       |     3 |    19 |    20 ||    42
         Finesse           |       |       |       |     2 |     7 ||     9
    Use: Scroll            |     3 |     6 |     9 |     7 |     9 ||    34
         Potion            |       |     1 |     1 |       |     1 ||     3
 Armour: Leather armour    |     5 |    37 |       |       |       ||    42
         Robe              |       |       |     7 |    22 |   129 ||   158
  Dodge: Dodged            |    15 |    35 |    41 |   184 |   654 ||   929

Table legend:
 A = Non-vault XP
 B = Vault XP
 C = Vault XP percentage of total XP
 D = Non-vault monster count
 E = Vault monster count
 F = Vault count percentage of total count
                 A         B        C        D         E       F
            +---------+---------+-------+---------+---------+-------
      Total |   76136 |   31497 |  29.3 |     416 |     171 |  29.1
            +---------+---------+-------+---------+---------+-------
        D:1 |      24 |       0 |   0.0 |      16 |       0 |   0.0
        D:2 |      55 |       6 |   9.8 |      17 |       4 |  19.0
        D:3 |     183 |     212 |  53.7 |      18 |      21 |  53.8
        D:4 |     394 |       0 |   0.0 |      23 |       0 |   0.0
        D:5 |     580 |     129 |  18.2 |      18 |       4 |  18.2
        D:6 |     666 |     699 |  51.2 |      17 |       2 |  10.5
        D:7 |    1595 |       0 |   0.0 |      25 |       0 |   0.0
        D:8 |    2616 |    1796 |  40.7 |      24 |       3 |  11.1
        D:9 |    3081 |    1401 |  31.3 |      34 |      36 |  51.4
       D:10 |    3106 |    6619 |  68.1 |      15 |      22 |  59.5
       D:11 |    4497 |       0 |   0.0 |      19 |       0 |   0.0
       D:12 |    5396 |     870 |  13.9 |      21 |       4 |  16.0
       D:13 |    1438 |     922 |  39.1 |       3 |       2 |  40.0
     Lair:1 |    5595 |       0 |   0.0 |      21 |       0 |   0.0
     Lair:2 |   11689 |    1698 |  12.7 |      32 |      16 |  33.3
     Lair:3 |   10222 |    4160 |  28.9 |      29 |      11 |  27.5
     Lair:4 |    8232 |       0 |   0.0 |      26 |       0 |   0.0
     Lair:5 |   16767 |   12985 |  43.6 |      58 |      46 |  44.2
            +---------+---------+-------+---------+---------+-------
